[ AOE2 MATCH · #506748965 ]
UnrankedVietnamese vs Wu
Player's team · LOSS
Rival team · WIN
[ REPLAY ANALYSIS · EXTRACTED FROM THE RECORDED GAME ]
Feudal
10:08
Castle
25:43
Imperial
—
| APM avg | 65.0 |
| APM peak | 126 |
| eAPM avg | 24.6 |
| Villagers / military | 80 / 68 |
Focus
⚔️ 48.0% · 🌾 52.0%
Archer ×27 · Knight ×20 · Skirmisher ×12 · Militia ×5 · Monk ×2 · Spearman ×2
Feudal
10:56
Castle
24:29
Imperial
—
| APM avg | 66.2 |
| APM peak | 128 |
| eAPM avg | 29.3 |
| Villagers / military | 120 / 34 |
Focus
⚔️ 31.9% · 🌾 68.1%
Unknown (1974) ×48 · Militia ×11 · Skirmisher ×11 · Archer ×10 · Mangonel ×1 · Battering Ram ×1
Match map
Initial resources + every placement click. Lines = walls · curves = elevation contours. ◆ gold · ⬟ stone · ● berries · ✦ relic · ◌ wall gap
Your base· Open — 4t gap
KryptixXL's base· Open — 4t gap
Smoothed initial terrain · ◌ = detected wall gap · hover for details
Inputs per minute
— maxymczech - - KryptixXL
Build order — maxymczech
First 150 of 266 actions detected
| 0:00 | Create | Villager (Male) |
| 0:02 | Build | House |
| 0:03 | Build | House |
| 0:22 | Research | Loom |
| 0:22 | Create | Villager (Male) ×3 |
| 1:42 | Create | Villager (Male) |
| 2:21 | Create | Villager (Male) |
| 2:22 | Create | Villager (Male) |
| 2:41 | Create | Villager (Male) |
| 2:57 | Create | Villager (Male) |
| 3:26 | Create | Villager (Male) |
| 3:28 | Build | Lumber Camp |
| 3:33 | Build | House |
| 3:34 | Build | House |
| 3:41 | Create | Villager (Male) |
| 3:50 | Create | Villager (Male) |
| 4:12 | Create | Villager (Male) |
| 5:09 | Create | Villager (Male) |
| 5:22 | Create | Villager (Male) |
| 5:36 | Create | Villager (Male) |
| 5:46 | Build | Palisade Wall |
| 5:48 | Build | Palisade Wall |
| 5:51 | Create | Villager (Male) |
| 6:16 | Build | Mill |
| 6:35 | Create | Villager (Male) |
| 6:36 | Create | Villager (Male) |
| 6:42 | Build | House |
| 6:51 | Build | Palisade Wall |
| 7:06 | Build | Palisade Gate |
| 7:35 | Build | Palisade Wall |
| 7:58 | Research | Feudal Age |
| 8:05 | Build | Palisade Wall |
| 8:08 | Build | Palisade Wall |
| 8:54 | Build | Barracks |
| 9:39 | Build | Mining Camp |
| 9:49 | Create | Militia |
| 9:49 | Create | Militia |
| 9:53 | Build | House |
| 9:58 | Create | Villager (Male) |
| 10:03 | Build | Palisade Wall |
| 10:04 | Build | Palisade Wall |
| 10:04 | Build | Palisade Wall |
| 10:05 | Build | Palisade Wall |
| 10:05 | Build | Palisade Wall |
| 10:06 | Build | Palisade Wall |
| 10:08 | Age | Feudal Age |
| 10:09 | Build | Palisade Wall |
| 10:10 | Build | Palisade Wall |
| 10:16 | Build | Palisade Wall |
| 10:20 | Create | Villager (Male) |
| 10:30 | Build | Archery Range |
| 10:37 | Build | Palisade Wall |
| 10:38 | Build | Palisade Wall |
| 10:39 | Build | Palisade Wall |
| 10:40 | Build | Palisade Wall |
| 10:40 | Build | Palisade Wall |
| 10:42 | Build | Watch Tower |
| 10:44 | Build | Palisade Wall |
| 10:54 | Build | Palisade Wall |
| 10:59 | Build | Watch Tower |
| 11:15 | Create | Villager (Male) |
| 11:16 | Create | Villager (Male) |
| 11:17 | Create | Militia |
| 11:30 | Build | Palisade Wall |
| 11:31 | Build | Palisade Wall |
| 11:34 | Build | Palisade Wall |
| 11:34 | Build | Palisade Wall |
| 11:38 | Create | Archer |
| 11:40 | Create | Skirmisher |
| 11:43 | Build | House |
| 11:47 | Build | Farm |
| 11:48 | Build | Farm |
| 11:48 | Build | Farm |
| 12:20 | Build | House |
| 12:24 | Build | Palisade Wall |
| 12:24 | Build | Palisade Wall |
| 13:11 | Create | Villager (Male) |
| 13:23 | Create | Villager (Male) |
| 13:33 | Build | Market |
| 13:39 | Build | Palisade Wall |
| 13:57 | Build | Palisade Wall |
| 14:01 | Create | Villager (Male) |
| 14:08 | Build | Archery Range |
| 14:11 | Create | Archer |
| 14:16 | Build | Stone Wall |
| 14:19 | Build | Stone Wall |
| 14:22 | Build | Stone Wall |
| 14:26 | Build | Stone Wall |
| 14:33 | Create | Villager (Male) |
| 14:36 | Build | Farm |
| 14:38 | Build | Farm |
| 14:39 | Build | Farm |
| 14:42 | Build | House |
| 14:43 | Build | House |
| 14:56 | Create | Archer |
| 15:08 | Build | Blacksmith |
| 15:15 | Create | Villager (Male) |
| 15:18 | Create | Archer |
| 15:25 | Build | Palisade Wall |
| 15:32 | Create | Militia |
| 15:40 | Create | Villager (Male) |
| 16:29 | Create | Archer ×2 |
| 16:32 | Create | Villager (Male) |
| 16:33 | Build | Farm |
| 16:41 | Create | Villager (Male) |
| 16:47 | Build | Farm |
| 16:50 | Build | Farm |
| 16:54 | Build | Farm |
| 16:56 | Create | Archer |
| 16:56 | Create | Archer |
| 16:57 | Create | Archer |
| 16:57 | Create | Archer |
| 17:12 | Build | Farm |
| 17:15 | Build | Farm |
| 17:16 | Create | Villager (Male) |
| 17:29 | Build | Palisade Wall |
| 17:52 | Create | Archer ×2 |
| 17:56 | Research | Fletching |
| 18:13 | Build | Palisade Wall |
| 18:19 | Create | Villager (Male) |
| 18:19 | Create | Villager (Male) |
| 18:19 | Create | Villager (Male) |
| 18:24 | Build | Farm |
| 18:30 | Create | Archer ×3 |
| 19:15 | Build | Palisade Wall |
| 19:23 | Research | Padded Archer Armor |
| 19:24 | Create | Villager (Male) ×2 |
| 19:27 | Create | Archer ×3 |
| 19:35 | Build | Farm |
| 19:39 | Build | Farm |
| 19:53 | Create | Militia |
| 19:59 | Create | Villager (Male) |
| 20:11 | Create | Villager (Male) |
| 20:13 | Build | House |
| 20:14 | Build | House |
| 20:15 | Build | House |
| 20:16 | Build | House |
| 20:20 | Build | House |
| 20:24 | Research | Wheelbarrow |
| 21:12 | Create | Villager (Male) |
| 21:12 | Create | Villager (Male) |
| 21:35 | Create | Villager (Male) |
| 22:09 | Create | Archer |
| 22:09 | Create | Archer |
| 22:54 | Create | Villager (Male) |
| 23:03 | Research | Castle Age |
| 23:03 | Research | Castle Age |
| 23:05 | Build | House |
| 23:08 | Create | Archer |
| 23:08 | Create | Skirmisher |
Build order — KryptixXL
First 150 of 321 actions detected
| 0:01 | Create | Villager (Male) ×4 |
| 0:02 | Build | House |
| 0:03 | Build | House |
| 1:10 | Create | Villager (Male) |
| 1:35 | Create | Villager (Male) |
| 2:00 | Create | Villager (Male) |
| 2:17 | Build | Lumber Camp |
| 2:34 | Create | Villager (Male) |
| 2:35 | Create | Villager (Male) |
| 3:08 | Create | Villager (Male) |
| 3:26 | Create | Villager (Male) |
| 3:26 | Create | Villager (Male) |
| 3:45 | Create | Villager (Male) |
| 3:53 | Research | Loom |
| 3:56 | Create | Villager (Male) |
| 4:06 | Create | Villager (Male) |
| 4:06 | Create | Villager (Male) |
| 4:14 | Build | House |
| 4:15 | Build | House |
| 4:18 | Create | Villager (Male) |
| 4:35 | Create | Villager (Male) |
| 4:35 | Create | Villager (Male) |
| 5:32 | Create | Villager (Male) |
| 5:32 | Create | Villager (Male) |
| 5:33 | Create | Villager (Male) |
| 5:34 | Create | Villager (Male) |
| 5:34 | Create | Villager (Male) |
| 5:42 | Create | Villager (Male) |
| 6:22 | Create | Villager (Male) |
| 6:22 | Create | Villager (Male) |
| 6:22 | Create | Villager (Male) |
| 6:35 | Build | Mill |
| 7:09 | Create | Villager (Male) |
| 7:23 | Create | Villager (Male) |
| 7:46 | Build | Barracks |
| 8:43 | Build | House |
| 8:46 | Research | Feudal Age |
| 9:00 | Build | House |
| 9:18 | Create | Militia |
| 9:18 | Create | Militia |
| 9:24 | Create | Militia |
| 9:24 | Create | Militia |
| 9:30 | Build | Mining Camp |
| 9:46 | Create | Militia |
| 9:46 | Create | Militia |
| 9:48 | Build | House |
| 10:07 | Build | House |
| 10:26 | Create | Militia |
| 10:37 | Create | Villager (Male) |
| 10:56 | Age | Feudal Age |
| 11:04 | Research | Man-at-Arms (upgrade) |
| 11:18 | Build | Watch Tower |
| 11:22 | Create | Villager (Male) |
| 11:22 | Create | Villager (Male) |
| 11:50 | Build | Archery Range |
| 11:52 | Create | Villager (Male) |
| 12:10 | Create | Villager (Male) |
| 12:18 | Build | Mining Camp |
| 12:25 | Create | Militia |
| 12:26 | Create | Militia |
| 12:57 | Create | Militia |
| 13:25 | Build | Archery Range |
| 13:29 | Create | Villager (Male) |
| 13:30 | Create | Villager (Male) |
| 14:00 | Create | Villager (Male) |
| 14:04 | Create | Archer |
| 14:04 | Create | Archer |
| 14:04 | Create | Archer |
| 14:09 | Build | Market |
| 14:17 | Research | Horse Collar |
| 14:46 | Create | Villager (Male) |
| 14:48 | Build | Farm |
| 14:51 | Create | Archer |
| 14:58 | Build | Blacksmith |
| 15:25 | Build | Watch Tower |
| 15:28 | Build | Farm |
| 15:30 | Build | Farm |
| 15:30 | Create | Villager (Male) |
| 15:52 | Create | Archer |
| 16:26 | Create | Villager (Male) |
| 16:27 | Create | Villager (Male) |
| 16:39 | Build | Farm |
| 16:40 | Create | Villager (Male) |
| 16:40 | Create | Villager (Male) |
| 17:00 | Build | Farm |
| 17:00 | Build | Farm |
| 17:15 | Create | Villager (Male) |
| 17:45 | Create | Villager (Male) |
| 17:46 | Build | Farm |
| 17:46 | Build | Farm |
| 17:49 | Create | Villager (Male) |
| 18:00 | Research | Arson |
| 18:16 | Create | Archer |
| 18:31 | Research | Fletching |
| 18:42 | Create | Villager (Male) |
| 18:55 | Create | Archer |
| 18:59 | Build | Farm |
| 19:04 | Build | Farm |
| 19:05 | Build | Farm |
| 19:06 | Build | Farm |
| 19:07 | Build | Farm |
| 19:09 | Build | Farm |
| 19:12 | Build | Farm |
| 19:16 | Create | Archer |
| 19:28 | Build | Farm |
| 19:37 | Create | Archer |
| 19:38 | Create | Villager (Male) |
| 19:43 | Build | House |
| 19:44 | Build | House |
| 19:55 | Create | Villager (Male) |
| 20:09 | Research | Wheelbarrow |
| 20:13 | Create | Villager (Male) |
| 20:18 | Build | House |
| 20:39 | Build | Archery Range |
| 20:43 | Create | Archer |
| 20:51 | Build | House |
| 20:52 | Build | House |
| 21:49 | Research | Castle Age |
| 21:49 | Research | Castle Age |
| 22:11 | Create | Skirmisher |
| 22:35 | Create | Villager (Male) |
| 22:35 | Create | Villager (Male) |
| 22:54 | Create | Skirmisher |
| 23:02 | Create | Villager (Male) |
| 23:02 | Create | Villager (Male) |
| 23:06 | Research | Double-Bit Axe |
| 23:08 | Create | Skirmisher |
| 23:30 | Create | Skirmisher |
| 23:58 | Create | Skirmisher |
| 24:04 | Research | Scale Mail Armor |
| 24:04 | Research | Scale Mail Armor |
| 24:11 | Create | Skirmisher |
| 24:12 | Create | Villager (Male) |
| 24:29 | Age | Castle Age |
| 24:34 | Create | Unit 1974 |
| 24:34 | Create | Unit 1974 |
| 24:51 | Create | Skirmisher |
| 24:52 | Create | Skirmisher |
| 25:17 | Build | Barracks |
| 25:23 | Create | Villager (Male) |
| 25:29 | Create | Skirmisher |
| 25:41 | Build | Barracks |
| 25:42 | Create | Villager (Male) |
| 25:42 | Create | Villager (Male) |
| 25:52 | Create | Skirmisher |
| 25:55 | Build | Siege Workshop |
| 26:03 | Create | Villager (Male) |
| 26:03 | Create | Villager (Male) |
| 26:08 | Create | Skirmisher |
| 26:19 | Create | Unit 1974 |
Match timeline
| 5:46 | maxymczech · wall_segment Palisade Wall x1 |
| 5:48 | maxymczech · wall_segment Palisade Wall x1 |
| 6:51 | maxymczech · wall_segment Palisade Wall x1 |
| 7:35 | maxymczech · wall_segment Palisade Wall x1 |
| 7:46 | KryptixXL · first_building Barracks |
| 8:05 | maxymczech · wall_segment Palisade Wall x1 |
| 8:08 | maxymczech · wall_segment Palisade Wall x1 |
| 8:54 | maxymczech · first_building Barracks |
| 10:03 | maxymczech · wall_segment Palisade Wall x1 |
| 10:04 | maxymczech · wall_segment Palisade Wall x1 |
| 10:04 | maxymczech · wall_segment Palisade Wall x1 |
| 10:05 | maxymczech · wall_segment Palisade Wall x1 |
| 10:05 | maxymczech · wall_segment Palisade Wall x1 |
| 10:06 | maxymczech · wall_segment Palisade Wall x1 |
| 10:08 | maxymczech · age_up feudal |
| 10:09 | maxymczech · wall_segment Palisade Wall x1 |
| 10:10 | maxymczech · wall_segment Palisade Wall x1 |
| 10:16 | maxymczech · wall_segment Palisade Wall x2 |
| 10:30 | maxymczech · first_building Archery Range |
| 10:37 | maxymczech · wall_segment Palisade Wall x1 |
| 10:38 | maxymczech · wall_segment Palisade Wall x1 |
| 10:39 | maxymczech · wall_segment Palisade Wall x1 |
| 10:40 | maxymczech · wall_segment Palisade Wall x1 |
| 10:40 | maxymczech · wall_segment Palisade Wall x1 |
| 10:44 | maxymczech · wall_segment Palisade Wall x1 |
| 10:54 | maxymczech · wall_segment Palisade Wall x1 |
| 10:56 | KryptixXL · age_up feudal |
| 11:30 | maxymczech · wall_segment Palisade Wall x1 |
| 11:31 | maxymczech · wall_segment Palisade Wall x1 |
| 11:34 | maxymczech · wall_segment Palisade Wall x1 |
| 11:34 | maxymczech · wall_segment Palisade Wall x1 |
| 11:50 | KryptixXL · first_building Archery Range |
| 12:24 | maxymczech · wall_segment Palisade Wall x1 |
| 12:24 | maxymczech · wall_segment Palisade Wall x1 |
| 13:39 | maxymczech · wall_segment Palisade Wall x1 |
| 13:57 | maxymczech · wall_segment Palisade Wall x1 |
| 14:16 | maxymczech · wall_segment Stone Wall x1 |
| 14:19 | maxymczech · wall_segment Stone Wall x1 |
| 14:22 | maxymczech · wall_segment Stone Wall x1 |
| 14:26 | maxymczech · wall_segment Stone Wall x1 |
| 15:02 | KryptixXL · first_market_sell 100 food |
| 15:21 | KryptixXL · first_market_buy 100 stone |
| 15:25 | maxymczech · wall_segment Palisade Wall x2 |
| 17:07 | maxymczech · first_market_sell 100 wood |
| 17:29 | maxymczech · wall_segment Palisade Wall x1 |
| 18:13 | maxymczech · wall_segment Palisade Wall x1 |
| 19:15 | maxymczech · wall_segment Palisade Wall x1 |
| 22:58 | maxymczech · first_market_buy 100 food |
| 24:29 | KryptixXL · age_up castle |
| 25:43 | maxymczech · age_up castle |
| 25:55 | KryptixXL · first_building Siege Workshop |
| 30:35 | maxymczech · first_building Stable |
| 33:44 | maxymczech · first_building Monastery |
| 35:16 | maxymczech · wall_segment Stone Wall x1 |
| 37:03 | maxymczech · wall_segment Stone Wall x1 |
| 37:09 | maxymczech · wall_segment Stone Wall x1 |
| 38:47 | maxymczech · wall_segment Palisade Wall x1 |
| 38:48 | maxymczech · wall_segment Palisade Wall x1 |
| 40:08 | maxymczech · resign |
[ AI ANALYSIS · 1 CREDIT ]
What really happened in this match?
Wolo.gg analyzes every decision: build order, eco, micro, common mistakes by bracket. Personalized analysis on WhatsApp or Discord in 30 seconds.
Civ guide
Vietnamese
Perfil
Jugador #5813618